 Dungeon Crawl Stone Soup version 0.29.1-15-g9cfb28693d (webtiles) character file.

Game seed: 10849862700734520081

28 protoss039 the Digger (level 3, 22/26 HPs)
             Began as a Demonspawn Earth Elementalist on Mar 3, 2023.
             Got out of the dungeon alive.
             The game lasted 00:01:15 (1124 turns).

protoss039 the Digger (DsEE)                        Turns: 1124, Time: 00:01:15

Health: 22/26      AC:  5    Str:  8    XL:     3   Next: 0%
Magic:  6/6        EV: 10    Int: 18    God:
Gold:   101        SH:  0    Dex: 13    Spells: 3/6 levels left

rFire   . . .      SeeInvis .   c - +0 hand axe (freeze)
rCold   . . .      Faith    .   (no shield)
rNeg    . . .      Spirit   .   d - +0 ring mail
rPois   .          Reflect  .   (no helmet)
rElec   .          Harm     .   (no cloak)
rCorr   .          Rampage  .   (no gloves)
Will    .....                   (no boots)
Stlth   +.........              (no amulet)
HPRegen 0.08/turn               (no ring)
MPRegen 0.10/turn               (no ring)

@: no status effects
A: hooves 1, foul stench 1
a: no special abilities


You escaped.
You visited 1 branch of the dungeon, and saw 2 of its levels.

You collected 101 gold pieces.

Inventory:

Hand Weapons
 c - a +0 hand axe of freezing (weapon)
Armour
 d - a +0 ring mail (worn)
Scrolls
 g - a scroll of teleportation {unknown}
Potions
 a - a potion of lignification {unknown}
 b - 2 potions of magic
 e - a potion of curing {unknown}
 f - 2 potions of might {unknown}


   Skills:
 + Level 1.2 Fighting
 + Level 0.5 Armour
 - Level 1.7 Dodging
 - Level 1.7 Stealth
 + Level 2.4 Spellcasting
 - Level 0.8 Transmutations
 + Level 3.0 Earth Magic


You had 3 spell levels left.
You knew the following spells:

 Your Spells              Type           Power      Damage    Failure   Level
a - Sandblast             Erth           26%        2d8       16%         1
b - Passwall              Tmut/Erth      7%         N/A       36%         2

Your spell library contained the following spells:

 Spells                   Type           Power      Damage    Failure   Level
 Apportation              Tloc           4%         N/A       47%         1
 Necrotise                Necr           8%         1d4       47%         1
 Summon Small Mammal      Summ           8%         N/A       47%         1
 Stone Arrow              Conj/Erth      14%        3d7       65%         3
 Petrify                  Tmut/Erth      9%         N/A       94%         4


Dungeon Overview and Level Annotations

Branches:
Dungeon (2/15) Zot: 10860

Altars:


Innate Abilities, Weirdness & Mutations

You have large cloven feet.
You may rarely emit foul miasma when damaged in melee.


Message History

No target in view!
Your magical contamination has completely faded away.
HP restored.
A hobgoblin comes into view.
A hobgoblin is nearby!
A hobgoblin is nearby!
Found a stone staircase leading down.
You see here a +0 club.
A hobgoblin is nearby!
You see here a +0 club.
A hobgoblin is nearby!
You hit the hobgoblin. You freeze the hobgoblin.
The hobgoblin is severely wounded.
The hobgoblin hits you.
Unknown command.
You barely miss the hobgoblin.
You kick the hobgoblin, but do no damage.
The hobgoblin is severely wounded.
The hobgoblin hits you.
Unknown command.
You hit the hobgoblin but do no damage.
The hobgoblin is severely wounded.
The hobgoblin hits you.
Unknown command.
You hit the hobgoblin. You freeze the hobgoblin.
You kill the hobgoblin!
You have reached level 3!
Your experience leads to an increase in your attributes!
Increase (S)trength, (I)ntelligence, or (D)exterity?
You feel clever. x2; Your demonic ancestry asserts itself...
You begin to emit a foul stench of rot and decay.
You see here a +0 club.
There is a stone staircase leading up here.
You climb upwards.
There is a stone staircase leading down here.
There is an open door here.
There is an open door here.
There is a staircase leading out of the dungeon here.
Are you sure you want to leave the Dungeon?
This will make you lose the game!
You have escaped!

.# ##.#.###.## ######.#.# .#
#..#..##(.# #......#.# .#####
#.###'###.###+###..#.# .....#
#.'.....#.#.....'.##.# .###.#
#.###.#####+#.#+#.##.# .# #.#
#...#.#.....#.#.'.##.# .###.#
###.#.#.....#.#.####.# ...#.#
#.#'#..>..#+#)#....# #....#
###.#.#..@..#.#.###..#
.#.#.###...#.#.....#.#...#..#####
.........#'#.#'###'#.#+#....#....
...#.###.......#†#.......#.##.###
.....# #####'###.###.#####.##.###
##.#.# #.##.###.##..# #.##.##.
#.#.## #...........## #.##.#.#
#....# #####.####### #.##....
####..# #.# #.##.#.#


There were no monsters in sight!

Vanquished Creatures
  A dart slug (D:1)
  A ball python (D:1)
  3 endoplasms (D:1)
  3 giant cockroaches (D:1)
  2 goblins
  3 hobgoblins
  3 kobolds
  4 bats (D:1)
  A frilled lizard (D:1)
  A rat (D:1)
22 creatures vanquished.

Notes
Turn   | Place    | Note
-------+----------+-------------------------------------------
     0 | D:1      | protoss039 the Demonspawn Earth Elementalist began the
                  | quest for the Orb.
     0 | D:1      | Reached XP level 1. HP: 13/13 MP: 3/3
   211 | D:1      | Gained mutation: You have large cloven feet. [demonic
                  | ancestry]
   211 | D:1      | Reached XP level 2. HP: 20/20 MP: 3/5
   321 | D:1      | Reached skill level 1 in Fighting
   397 | D:1      | Reached skill level 3 in Earth Magic
   463 | D:1      | Found a faded altar of an unknown god.
  1053 | D:1      | Learned a level 2 spell: Passwall
  1091 | D:2      | Gained mutation: You may rarely emit foul miasma when
                  | damaged in melee. [demonic ancestry]
  1091 | D:2      | Reached XP level 3. HP: 19/26 MP: 6/6
  1124 | D:$      | Got out of the dungeon alive.

Illustrated notes

Levels and vault maps discovered:
D:1:      shiori_arrival_maze, layout_loops_ring, basic_ecumenical_altar
D:2:      layout_basic, grunt_ministairs_1

Skill      XL: |  1  2 |
---------------+-------+-----
Fighting       | 1 |  1.2
Earth Magic    | 3 |  3.0
Armour         | |  0.5
Dodging        | |  1.7
Stealth        | |  1.7
Spellcasting   | |  2.4
Transmutations | |  0.8

Action                   || total
-------------------------++-------
Melee: Unarmed           ||    12
       Hand axe          ||    28
       Kick              ||     6
 Cast: Sandblast         ||    14
Armor: Robe              ||     9
       Ring mail         ||     7
Dodge: Dodged            ||    36
